 Dungeon Crawl Stone Soup version 0.26-a0-665-gefeb406119 (webtiles) character file.

Game seed: 9424684846554146347

49 jasper the Insei (level 3, -2/17 HPs)
             Began as a Vine Stalker Transmuter on Oct 15, 2020.
             Killed from afar by a dart slug (4 damage)
             ... with a slug dart
             ... on level 1 of the Dungeon.
             The game lasted 00:01:30 (1326 turns).

jasper the Insei (Vine Stalker Transmuter)          Turns: 1326, Time: 00:01:30

Health: -2/17      AC:  3    Str: 12    XL:     3   Next: 75%
Magic:  0/7        EV: 11    Int: 14    God:
Gold:   64         SH:  0    Dex: 14    Spells: 5/6 levels left

rFire    . . .     SeeInvis .     - Unarmed
rCold    . . .     Faith    .   (no shield)
rNeg     . . .     Spirit   +   c - +0 leather armour
rPois    .         Reflect  .   (no helmet)
rElec    .         Harm     .   (no cloak)
rCorr    .         Rampage  .   (no gloves)
MR       .....                  (no boots)
Stlth    +.........             (no amulet)
HPRegen  0.05/turn              (no ring)
MPRegen  0.10/turn              (no ring)

@: no status effects
A: fangs 2, magic shield, antimagic bite, no potion heal 3, rot immunity
a: no special abilities


You were on level 1 of the Dungeon.
You visited 1 branch of the dungeon, and saw 2 of its levels.

You collected 64 gold pieces.

Inventory:

Missiles
 d - 9 poisoned darts
 f - a boomerang (quivered)
Armour
 a - a +0 robe
 c - a +0 leather armour (worn)
Scrolls
 b - a scroll of noise {unknown}
 e - a scroll of immolation {unknown}
 g - a scroll of teleportation {unknown}
 h - a scroll of amnesia {unknown}
 i - a scroll of fear {unknown}
Potions
 j - a potion of magic {unknown}


   Skills:
 - Level 0.8 Fighting
 - Level 1.5 Dodging
 + Level 4.6 Unarmed Combat
 - Level 2.1 Spellcasting
 - Level 2.0 Transmutations


You had 5 spell levels left.
You knew the following spells:

 Your Spells              Type           Power        Failure   Level
a - Beastly Appendage     Tmut           #.....       13%         1

Your spell library contained the following spells:

 Spells                   Type           Power        Failure   Level
 Wereblood                Tmut           #.......     21%         2
 Spider Form              Tmut/Pois      #.........   52%         3
 Ice Form                 Ice/Tmut       #.......     89%         4
 Blade Hands              Tmut           #.........   98%         5


Dungeon Overview and Level Annotations

Branches:
Dungeon (2/15)

Altars:


Innate Abilities, Weirdness & Mutations

You have extremely sharp teeth.
When hurt, damage is shared between your health and your magic reserves.
Your bite disrupts and absorbs the magic of your enemies.
Potions cannot restore your health.
You are immune to rotting.


Message History

You hit the dart slug but do no damage.
The dart slug is severely wounded.
The dart slug bites you.
* * * LOW HITPOINT WARNING * * *
You take 2 damage, and have 3/17 hp.
You now have 3/7 mp.
The dart slug launches a dart at you. The slug dart hits you.
* * * LOW HITPOINT WARNING * * *
There is a stone staircase leading up here.
You take 1 damage, and have 2/17 hp.
You now have 1/7 mp.
You climb upwards.
There is a stone staircase leading down here.
You completely miss the dart slug.
The dart slug is severely wounded.
The dart slug closely misses you.
You hit the dart slug.
The dart slug is almost dead.
The dart slug launches a dart at you. The slug dart hits you.
You die...

# #..#..###..## #.>.......#
#..#..# ##..# #.........#
#.##### ##.# #.........# ###
###.#########.........#
##.....#.....##.......##
##.............##.....##
#########.......).......#######
...............w........#
#########.......@.......#
#...............#
#...............#
##.............##
##.....#.....## #############


You could see a dart slug.

Vanquished Creatures
  An adder (D:2)
  2 leopard geckos (D:1)
  A goblin (D:1)
  3 hobgoblins (D:1)
  9 jackals
  3 bats (D:1)
  2 frilled lizards (D:1)
  10 kobolds
  6 rats
37 creatures vanquished.

Notes
Turn   | Place    | Note
-------+----------+-------------------------------------------
     0 | D:1      | jasper the Vine Stalker Transmuter began the quest for the
                  | Orb.
     0 | D:1      | Reached XP level 1. HP: 9/9 MP: 4/4
   298 | D:1      | Reached XP level 2. HP: 14/14 MP: 6/6
   760 | D:1      | Reached skill level 4 in Unarmed Combat
   764 | D:1      | Reached XP level 3. HP: 12/17 MP: 4/7
  1326 | D:1      | Killed from afar by a dart slug

Illustrated notes

Levels and vault maps discovered:
D:1:      scummos_arrival_simple_fountains, layout_rooms, serial_forest,
          infiniplex_forest_clump_small, infiniplex_forest_corner_2,
          infiniplex_forest_clump_tiny, infiniplex_forest_zigzag_1,
          infiniplex_forest_zigzag_1, infiniplex_forest_zigzag_2,
          infiniplex_forest_clump_tiny, columned_hall_lemuel,
          minmay_pentomino_t4
D:2:      layout_rooms, chequers_ecumenical_altar_simple, solitary_fountain

Skill      XL: |  1  2 |
---------------+-------+-----
Unarmed Combat | 4 |  4.6
Fighting       | |  0.8
Dodging        | |  1.5
Spellcasting   | |  2.1
Transmutations | |  2.0

Action                   || total
-------------------------++-------
Melee: Unarmed           ||    92
       Bite              ||    15
       Kick              ||    10
       Headbutt          ||     2
       Punch             ||     2
Throw: Dart              ||     1
       Boomerang         ||    17
 Cast: Beastly Appendage ||     6
Armor: Leather armour    ||    24
Dodge: Dodged            ||    56

Table legend: (Time is in decaauts)
 A = Elapsed time spent in this place.
 B = Non-inter-level travel time spent in this place.
 C = Inter-level travel time spent in this place.
 D = Time resting spent in this place.
 E = Time spent auto-exploring this place.
 F = Levels seen in this place.
 G = Mean time per level.
                   A        B        C        D        E       F      G
               +--------+--------+--------+--------+--------+-----+--------+
         Total |   1324 |   1286 |     38 |      3 |   1071 |   2 |  662.0 |
       Dungeon |   1324 |   1286 |     38 |      3 |   1071 |   2 |  662.0 |
               +--------+--------+--------+--------+--------+-----+--------+

Top non-repeatable levels by time:
     D:1: 1283 daAuts
     D:2: 40 daAuts
